 Dungeon Crawl Stone Soup version 0.32-a0-868-g153ae1a8d6 (webtiles) character file.

Game seed: 2819057043081885128

51 BubbleThief the Shooter (level 3, -2/27 HPs)
             Began as a Coglin Hunter on Mar 28, 2024.
             Slain by an adder (3 damage)
             ... on level 3 of the Dungeon.
             The game lasted 00:02:32 (1602 turns).

BubbleThief the Shooter (Coglin Hunter)             Turns: 1602, Time: 00:02:32

Health: -2/27      AC:  4    Str: 11    XL:     3   Next: 83%
Magic:  3/3        EV: 11    Int:  8    God:
Gold:   189        SH:  0    Dex: 19    Spells: 2/2 levels left

rFire   . . .        a - +2 sling {Imanvir}
rCold   . . .        d - +0 sling {Anan}
rNeg    . . .        c - +0 leather armour
rPois   .            (no helmet)
rElec   .            (no cloak)
rCorr   .            n - +0 pair of gloves
SInv    .            (no boots)
Will    .....        (amulet unavailable)
Stlth   ++           (ring unavailable)
HPRegen 0.24/turn    (ring unavailable)
MPRegen 0.08/turn    (no gizmo)

%: no passive effects
@: lethally poisoned (-2 -> -3)
A: off-hand wielding, slow wielding, warmup strikes, no jewellery
a: Invent Gizmo


You were on level 3 of the Dungeon.
You visited 1 branch of the dungeon, and saw 3 of its levels.

You collected 189 gold pieces.

Inventory:

Hand Weapons
 a - a +2 sling (weapon) {Imanvir}
 d - a +0 sling (offhand) {Anan}
 l - a +3 rapier
Armour
 c - a +0 leather armour (worn)
 n - a +0 pair of gloves (worn)
Scrolls
 b - a scroll of butterflies
 e - 2 scrolls of revelation {unknown}
 f - a scroll of immolation {unknown}
 g - a scroll of identify {unknown}
 i - a scroll of amnesia {unknown}
 j - a scroll of brand weapon {unknown}
 k - a scroll of fog {unknown}
 m - 2 scrolls of teleportation {unknown}
 p - a scroll of poison {unknown}
Potions
 h - a potion of cancellation {unknown}
 o - 2 potions of mutation {unknown}
 q - a potion of lignification {unknown}


   Skills:
 - Level 2.2 Fighting
 + Level 4.8 Ranged Weapons
 - Level 1.7 Dodging
 - Level 0.7 Stealth


You had 2 spell levels left.
You didn't know any spells.
Your spell library contained the following spells:

 Spells                   Type           Power      Damage    Failure   Level
 Magic Dart               Conj           0%         1d3       50%         1
 Blink                    Tloc           0%         N/A       65%         2
 Call Imp                 Summ           0%         N/A       65%         2


Dungeon Overview and Level Annotations

Branches:
Dungeon (3/15)

Altars:

Annotations:
D:3 Natasha, Robin, Sigmund


Innate Abilities, Weirdness & Mutations

You can wield a second weapon in your off-hand.
It takes a long time for you to wield or remove held weapons.
Your first few attacks do less damage.
You cannot equip rings or amulets.


Message History

The adder barely misses you. The adder attacks as it pursues you!
The adder bites you.
* * * LOW HITPOINT WARNING * * *
The adder misses you.
A hobgoblin comes into view. It is wielding a +0 dagger.
The adder attacks as it pursues you! The adder closely misses you.
The hobgoblin shouts!
The adder attacks as it pursues you! The adder barely misses you.
The adder attacks as it pursues you! The adder barely misses you.
The adder misses you.
The hobgoblin hits you with a +0 dagger.
* * * LOW HITPOINT WARNING * * *
The hobgoblin hits you but does no damage.
The adder bites you but does no damage.
The hobgoblin hits you with a +0 dagger.
* * * LOW HITPOINT WARNING * * *
The hobgoblin closely misses you. The adder attacks as it pursues you!
The adder closely misses you.
A ribbon worm comes into view.
The adder attacks as it pursues you! The adder misses you.
The adder closely misses you.
The ribbon worm moves out of view.
The adder attacks as it pursues you! The adder misses you.
The adder barely misses you. The adder bites you.
* * * LOW HITPOINT WARNING * * *
You are lethally poisoned!
The adder poisons you!
An endoplasm comes into view.
* * * LOW HITPOINT WARNING * * *
You feel sick. The adder attacks as it pursues you!
The adder closely misses you.
Unknown command.
* * * LOW HITPOINT WARNING * * *
You feel sick.
Found a scroll labelled WINOMU IHUZXI.
* * * LOW HITPOINT WARNING * * *
You feel sick.
The endoplasm quivers.
The adder bites you.
You die...

............J.......
#.#.#...#J####...###
.......#.# #...#
#..... #g# #...# #
#..#.# #.# #...#
#.##..#.###.# #...#
#.......g.Jw# #...#
####JS#####.# #.##
#.@# #.# #?......#
... ..#####.# #w#.
#.. ..#.# #.. ..# .
###. ## .# . .#


You could see an adder and an endoplasm.

Vanquished Creatures
  2 adders (D:2)
  A ribbon worm (D:2)
  2 endoplasms (D:1)
  3 giant cockroaches
  2 goblins (D:2)
  2 hobgoblins
  A kobold (D:2)
  2 quokkas
  7 ball pythons
  3 bats
  3 frilled lizards
  4 rats
32 creatures vanquished.

Notes
Turn   | Place    | Note
-------+----------+-------------------------------------------
     0 | D:1      | BubbleThief the Coglin Hunter began the quest for the Orb.
     0 | D:1      | Reached XP level 1. HP: 16/16 MP: 1/1
   206 | D:1      | Found a faded altar of an unknown god.
   210 | D:1      | Reached XP level 2. HP: 22/22 MP: 2/2
   255 | D:1      | Reached skill level 4 in Ranged Weapons
   766 | D:2      | Reached XP level 3. HP: 25/27 MP: 3/3
  1496 | D:3      | Noticed Sigmund
  1518 | D:3      | Noticed Natasha
  1523 | D:3      | HP: 1/27 [cerulean imp/+1 spear[Natasha] (1)]
  1574 | D:3      | Noticed Robin
  1602 | D:3      | HP: 1/27 [poisoned by an adder]
  1602 | D:3      | Slain by an adder

Illustrated notes

Levels and vault maps discovered:
D:1:      dpeg_arrival_oval, layout_loops_ring,
          hellmonk_ecumenical_altar_slurped_away
D:2:      layout_loops_cross, grunt_ministairs_6, chequers_big_river,
          kennysheep_small_spiral
D:3:      layout_loops_cross, grunt_ministairs_5, nicolae_elevator_lobby_plus,
          uniq_ijyb, uniq_robin, uniq_sigmund, uniq_natasha,
          uniq_crazy_yiuf_cottage

Skill      XL: |  1  2 |
---------------+-------+-----
Ranged Weapons | 4 |  4.8
Fighting       | |  2.2
Dodging        | |  1.7
Stealth        | |  0.7

Action                     || total
---------------------------++-------
   Fire: Sling             ||   142
 Armour: Leather armour    ||    29
  Dodge: Dodged            ||    33

Table legend: (Time is in decaauts)
 A = Elapsed time spent in this place.
 B = Non-inter-level travel time spent in this place.
 C = Inter-level travel time spent in this place.
 D = Time resting spent in this place.
 E = Time spent auto-exploring this place.
 F = Levels seen in this place.
 G = Mean time per level.
                   A        B        C        D        E       F      G
               +--------+--------+--------+--------+--------+-----+--------+
         Total |   1630 |   1611 |     19 |      0 |   1335 |   3 |  543.3 |
       Dungeon |   1630 |   1611 |     19 |      0 |   1335 |   3 |  543.3 |
               +--------+--------+--------+--------+--------+-----+--------+

Top non-repeatable levels by time:
     D:2: 840 daAuts
     D:1: 684 daAuts
     D:3: 105 daAuts
